 Dungeon Crawl Stone Soup version 0.29-a0-111-gbaf749a769 (webtiles) character file.

Game seed: 10144517062281889808

155 siradein the Conjurer (level 5, -4/28 HPs)
             Began as a Deep Elf Conjurer on Feb 17, 2022.
             Shot with an arrow by a centaur (12 damage)
             ... on level 5 of the Dungeon.
             The game lasted 00:13:02 (3349 turns).

siradein the Conjurer (Deep Elf Conjurer)           Turns: 3349, Time: 00:13:03

Health: -4/28      AC:  3    Str:  4    XL:     5   Next: 14%
Magic:  14/14      EV: 13    Int: 31    God:
Gold:   144        SH:  0    Dex: 13    Spells: 3/13 levels left

rFire   . . .      SeeInvis .   k - +5 short sword (protect)
rCold   . . .      Faith    .   (no shield)
rNeg    . . .      Spirit   .   m - +0 animal skin
rPois   .          Reflect  .   l - +0 helmet
rElec   .          Harm     .   (no cloak)
rCorr   .          Rampage  .   (no gloves)
Will    .....                   (no boots)
Stlth   ++........              (no amulet)
HPRegen 0.09/turn               b - +6 ring of intelligence
MPRegen 0.14/turn               (no ring)

@: no status effects
A: no striking features
a: no special abilities


You were on level 5 of the Dungeon.
You visited 1 branch of the dungeon, and saw 4 of its levels.

You collected 144 gold pieces.

Inventory:

Hand Weapons
 k - a +5 short sword of protection (weapon)
Armour
 l - a +0 helmet (worn)
 m - a +0 animal skin (worn)
Jewellery
 b - a +6 ring of intelligence (left hand)
Scrolls
 a - 2 scrolls of teleportation {unknown}
 c - a scroll of identify {unknown}
 d - a scroll of vulnerability {unknown}
 f - a scroll of summoning {unknown}
 g - a scroll of fog {unknown}
 n - a scroll of amnesia {unknown}
 o - a scroll of enchant armour {unknown}
 q - a scroll of enchant weapon {unknown}
 r - a scroll of silence {unknown}
Potions
 e - 2 potions of lignification {unknown}
 h - a potion of magic {unknown}
 i - a potion of attraction {unknown}
 j - a potion of curing
 p - 2 potions of flight {unknown}


   Skills:
 + Level 4.2 Dodging
 - Level 2.4 Stealth
 + Level 4.9 Spellcasting
 + Level 5.4 Conjurations
 + Level 0.0 Hexes


You had 3 spell levels left.
You knew the following spells:

 Your Spells              Type           Power      Damage    Failure   Level
a - Magic Dart            Conj           100%       1d8       1%          1
b - Searing Ray           Conj           82%        2d7       1%          2
c - Dazzling Flash        Conj/Hex       48%        N/A       5%          3
d - Fulminant Prism       Conj/Hex       12%        3d9       19%         4

Your spell library contained the following spells:

 Spells                   Type           Power      Damage    Failure   Level
 Iskenderun's Mystic Bla  Conj/Tloc      24%        2d7       19%         4


Dungeon Overview and Level Annotations

Branches:
Dungeon (3/15)

Altars:
Fedhas


Message History

Casting: Magic Dart (safe; 1% risk of failure)
Confirm with . or Enter, or press ? or * to list all spells.
Aiming: Searing Ray (safe; 1% risk of failure)
Press: ? - help, Shift-Dir - straight line, f/p - worm
Aim: a worm (almost dead, 94% to hit)
The searing ray hits the worm.
You kill the worm! (Press . to maintain the ray.) Unknown command.
This spell is extremely dangerous to cast!
Memorise Fulminant Prism, consuming 4 spell levels and leaving 3?
You start memorising the spell.
You continue memorising. x4
You finish memorising.
Spell assigned to 'd'.
You see here a worm corpse.
A quokka comes into view.
A quokka is nearby!
A quokka is nearby!
A quokka is nearby!
The magic dart hits the quokka.
The quokka is heavily wounded.
The magic dart hits the quokka.
You kill the quokka!
Found 5 poisoned darts.
You see here a quokka corpse.
A sourceless malevolence fills the Dungeon...
You fall into a shaft and drop 2 floors!
The shaft crumbles and collapses.
A centaur and a hound come into view.
Found a scroll labelled KAGOSOOC UHOI, a fustibalus and a ring mail.
Found an escape hatch in the floor.
The centaur wields a +0 shortbow.
The centaur shoots an arrow.
The arrow hits you.
The centaur shoots an arrow.
The arrow barely misses you.
The centaur shoots an arrow.
The arrow hits you!
Found a stone staircase leading down.
The centaur shoots an arrow.
The arrow hits you.
* * * LOW HITPOINT WARNING * * *
There is a stone staircase leading down here.
The centaur shoots an arrow.
The arrow hits you!
You die...

#...# #...# #...#
#...# #...# .# #...#
# .... ##...#
#.#####.... #@...#
.#........ #....#
.....c... #....#
#........
#....#####........
#....c............
#.............?...
#.....######........
#...... ...........
#..................#


You could see a centaur.

Vanquished Creatures
  An orc wizard (D:3)
  Robin (D:1)
  3 gnolls (D:2)
  An adder (D:2)
  2 worms
  A dart slug (D:2)
  2 orcs (D:3)
  4 endoplasms
  A giant cockroach (D:2)
  12 goblins
  9 hobgoblins
  4 jackals (D:1)
  7 quokkas
  6 ball pythons
  3 bats
  3 frilled lizards
  4 kobolds
  3 rats
67 creatures vanquished.

Notes
Turn   | Place    | Note
-------+----------+-------------------------------------------
     0 | D:1      | siradein the Deep Elf Conjurer began the quest for the Orb.
     0 | D:1      | Reached XP level 1. HP: 10/10 MP: 6/6
   159 | D:1      | Reached XP level 2. HP: 15/15 MP: 4/8
   162 | D:1      | Learned a level 2 spell: Searing Ray
   704 | D:1      | Reached XP level 3. HP: 19/19 MP: 7/10
  1205 | D:2      | Noticed Robin
  1673 | D:2      | Learned a level 3 spell: Dazzling Flash
  1763 | D:2      | Noticed an eye of devastation
  1764 | D:2      | Found a faded altar of an unknown god.
  1767 | D:2      | Noticed a shining eye
  1767 | D:2      | Noticed a great orb of eyes
  1767 | D:2      | Noticed a great orb of eyes
  1924 | D:2      | Reached skill level 5 in Conjurations
  1926 | D:2      | Reached XP level 4. HP: 24/24 MP: 3/12
  2798 | D:1      | Killed Robin
  3108 | D:3      | Reached XP level 5. HP: 28/28 MP: 7/14
  3233 | D:3      | Found a blossoming altar of Fedhas.
  3258 | D:3      | Learned a level 4 spell: Fulminant Prism
  3336 | D:3      | You fall into a shaft and drop 2 floors!
  3336 | D:5      | Entered Level 5 of the Dungeon
  3336 | D:5      | Noticed a centaur
  3349 | D:5      | Shot with an arrow by a centaur

Illustrated notes

Levels and vault maps discovered:
D:1:      mrwooster_arrival_statue, layout_basic, st_stairs_5
D:2:      layout_rooms, hellmonk_ecumenical_altar_watching_god, uniq_robin
D:3:      layout_rooms, amcnicky_altar_gilded, overflow_temple_1_default
D:5:      layout_rooms, lemuel_blue_sif_altar, serial_shops,
          nicolae_diamond_shop, nicolae_diamond_shop, minmay_liquid_box,
          uniq_ijyb

Skill      XL: |  1  2  3  4 |
---------------+-------------+-----
Dodging        | 3 4 |  4.2
Spellcasting   | 4 |  4.9
Conjurations   | 5 |  5.4
Stealth        | |  2.4

Action                   |  1- 3 |  4- 6 || total
-------------------------+-------+-------++-------
Melee: Unarmed           |     1 |       ||     1
       Dagger            |       |     4 ||     4
 Cast: Magic Dart        |    69 |    39 ||   108
       Searing Ray       |     7 |     7 ||    14
Armor: Robe              |     3 |       ||     3
Dodge: Dodged            |     7 |     6 ||    13

Table legend: (Time is in decaauts)
 A = Elapsed time spent in this place.
 B = Non-inter-level travel time spent in this place.
 C = Inter-level travel time spent in this place.
 D = Time resting spent in this place.
 E = Time spent auto-exploring this place.
 F = Levels seen in this place.
 G = Mean time per level.
                   A        B        C        D        E       F      G
               +--------+--------+--------+--------+--------+-----+--------+
         Total |   3350 |   3264 |     86 |    322 |   2473 |   4 |  837.5 |
       Dungeon |   3350 |   3264 |     86 |    322 |   2473 |   4 |  837.5 |
               +--------+--------+--------+--------+--------+-----+--------+

Top non-repeatable levels by time:
     D:1: 1772 daAuts
     D:2: 1083 daAuts
     D:3: 482 daAuts
     D:5: 12 daAuts
